 Dungeon Crawl Stone Soup version 0.29.1-13-g9f3cf754e1 (webtiles) character file.

Game seed: 8440911636830776329

4122 sweetbreads the Geomancer (level 10, -7/56 HPs)
             Began as a Gargoyle Earth Elementalist on Jan 22, 2023.
             Mangled by a death yak (18 damage)
             ... on level 7 of the Dungeon on Jan 23, 2023.
             The game lasted 00:31:18 (7475 turns).

sweetbreads the Geomancer (GrEE)                    Turns: 7475, Time: 00:31:18

Health: -7/56      AC: 14    Str: 12    XL:     10   Next: 27%
Magic:  11/13      EV: 12    Int: 20    God:
Gold:   438        SH:  0    Dex: 10    Spells: 9/13 levels left

rFire   . . .      SeeInvis .   a - +2 dagger (venom)
rCold   . . .      Faith    .   (no shield)
rNeg    + . .      Spirit   .   e - +0 robe
rPois   ∞          Reflect  .   y - +2 hat
rElec   +          Harm     .   x - +1 cloak
rCorr   .          Rampage  .   (no gloves)
Will    +....                   r - +0 pair of boots
Stlth   ++........              h - amulet of regeneration
HPRegen 0.98/turn               n - ring of willpower
MPRegen 0.13/turn               (no ring)

@: studying Armour
A: sickness immunity, AC +7, negative energy resistance 1, electricity
resistance, torment resistance 1, petrification resistance
a: no special abilities


You were on level 7 of the Dungeon.
You visited 2 branches of the dungeon, and saw 9 of its levels.

You collected 438 gold pieces.

Inventory:

Hand Weapons
 a - a +2 dagger of venom (weapon)
 b - a +2 morningstar of freezing
 c - a +2 quarterstaff of chaos
 g - a +4 halberd
 C - a +3 short sword
 D - a +2 dagger of freezing
 E - a +2 vampiric war axe
 G - a +3 flail
 H - a +2 dagger of flaming
 Q - a +4 mace
Missiles
 o - 12 poisoned darts (quivered)
 s - 6 curare-tipped darts
 K - a throwing net
Armour
 e - a +0 robe (worn)
 r - a +0 pair of boots (worn)
 x - a +1 cloak (worn)
 y - a +2 hat (worn)
Jewellery
 h - an amulet of regeneration (around neck)
 n - a ring of willpower (left hand)
 P - an amulet of faith
Wands
 l - a wand of digging (5)
 J - a wand of mindburst (13)
 R - a wand of light (2)
Scrolls
 d - 11 scrolls of identify {unknown}
 f - 4 scrolls of fog {unknown}
 i - 2 scrolls of silence {unknown}
 k - 2 scrolls of noise {unknown}
 p - a scroll of vulnerability {unknown}
 t - a scroll of enchant weapon {unknown}
 u - 3 scrolls of blinking {unknown}
 w - 2 scrolls of immolation
 F - 10 scrolls of teleportation {unknown}
 O - a scroll of amnesia {unknown}
Potions
 j - 3 potions of heal wounds {unknown}
 m - a potion of lignification {unknown}
 q - a potion of might {unknown}
 v - a potion of attraction {unknown}
 z - a potion of cancellation {unknown}
 A - a potion of degeneration {unknown}
 B - a potion of magic
 I - a potion of flight {unknown}
 L - a potion of resistance
 M - a potion of mutation {unknown}
 N - a potion of curing {unknown}


   Skills:
 * Level 4.1 Fighting
 * Level 0.6 Maces & Flails
 * Level 2.1 Dodging
 - Level 4.0 Stealth
 - Level 2.0 Spellcasting
 * Level 6.1 Conjurations
 - Level 1.0 Transmutations
 + Level 13.8 Earth Magic
 - Level 4.0 Evocations


You had 9 spell levels left.
You knew the following spells:

 Your Spells              Type           Power      Damage    Failure   Level
a - Sandblast             Erth           100%       2d20      1%          1
b - Stone Arrow           Conj/Erth      84%        3d12      1%          3

Your spell library contained the following spells:

 Spells                   Type           Power      Damage    Failure   Level
 Passwall                 Tmut/Erth      25%        N/A       1%          2
 Petrify                  Tmut/Erth      31%        N/A       8%          4
 Sting                    Tmut/Pois      16%        1d3       13%         1
 Dazzling Flash           Conj/Hex       28%        N/A       14%         3
 Slow                     Hex            8%         N/A       16%         1
 Poisonous Vapours        Pois/Air       4%         N/A       24%         2
 Confusing Touch          Hex            2%         N/A       43%         3
 Frozen Ramparts          Ice            4%         1d1       43%         3
 Vampiric Draining        Necr           2%         2d6       43%         3
 Ice Form                 Ice/Tmut       4%         N/A       77%         4
 Olgreb's Toxic Radiance  Pois           2%         N/A       83%         4
 Summon Ice Beast         Ice/Summ       2%         N/A       83%         4
 Agony                    Necr           2%         N/A       99%         5
 Silence                  Hex/Air        1%         N/A       99%         5
 Eringya's Noxious Bog    Tmut/Pois      2%         N/A       100%        6


Dungeon Overview and Level Annotations

Branches:
Dungeon (8/15)             Temple (1/1) D:4            Lair (0/5) D:8

Altars:
Cheibriados
Elyvilon
Fedhas
Gozag
Hepliaklqana
Kikubaaqudgha
Nemelex Xobeh
Okawaru
Ru
Sif Muna
Trog
Uskayaw
Vehumet
Xom
Yredelemnul
Zin
The Shining One

Shops:
D:5 *   D:6 =   D:7 :


Innate Abilities, Weirdness & Mutations

You are immune to sickness and miasma.
Your stone body is resilient. (AC +7)
You are immune to poison.
You resist negative energy. (rN+)
You are resistant to electric shocks. (rElec)
You are resistant to unholy torment.
You are immune to petrification.


Message History

Aiming: Sandblast (safe; 1% risk of failure)
Press: ? - help, Shift-Dir - straight line, f/p - yak
Aim: a yak (severely wounded, 91% to hit)
The blast of sand hits the yak!
You kill the yak!
The death yak bellows!
Unknown command.
Casting: Sandblast (safe; 1% risk of failure)
Confirm with . or Enter, or press ? or * to list all spells.
You can't see any susceptible monsters within range! (Use Z to cast anyway.)
A yak comes into view.
Casting: Sandblast (safe; 1% risk of failure)
Confirm with . or Enter, or press ? or * to list all spells.
Aiming: Sandblast (safe; 1% risk of failure)
Press: ? - help, Shift-Dir - straight line, f - death yak
Aim: a death yak (95% to hit)
The blast of sand hits the death yak!
The death yak is lightly wounded.
The death yak bellows!
Casting: Sandblast (safe; 1% risk of failure)
Confirm with . or Enter, or press ? or * to list all spells.
Aiming: Sandblast (safe; 1% risk of failure)
Press: ? - help, Shift-Dir - straight line, f - you, p - death yak
Okay, then.
The death yak attacks as you move away! The death yak gores you!
The death yak attacks as you move away! The death yak gores you!
The death yak attacks as you move away! The death yak gores you!
You see here a +0 robe.
Items here: )) [[.
Items here: )) [[.
There is a stone staircase leading up here.
The death yak gores you!!
* * * LOW HITPOINT WARNING * * *
You climb upwards.
There is a stone staircase leading down here.
Unknown command.
As you read the scroll labelled MATEADIEFYI, it crumbles to dust.
The creatures around you are filled with an inner flame!
It was a scroll of immolation.
The death yak gores you!!
You die...

#####.# #.....#
#...
#.###.....###...
#...#....#......
#...#)...#......
#^..#....+).....
#.<.##...##.....
####)####'####.....
#..))..#....##..<..
#.@)...'....##.....
#..Y...#...........
#.....÷#...........
#.....>#...........
#......##...###....
#..(...##'#########
####...##.....#
##..........#
#..##.##....#


You could see a death yak (inner flame).

Vanquished Creatures
  Maurice (D:8)
  Grinder (D:5)
  Prince Ribbit (D:8)
  A wyvern (D:7)
  A yak (D:8)
  Menkaure (D:5)
  An acid dragon (D:7)
  2 water moccasins (D:6)
  An ice beast (D:7)
  2 black bears
  A sky beast (D:7)
  2 ogres
  4 centaurs
  A phantom (D:6)
  2 bullfrogs
  2 kobold brigands
  A necrophage (D:7)
  A scorpion (D:5)
  9 wights
  6 hounds
  2 jellies (D:6)
  Crazy Yiuf (D:3)
  2 orc priests
  2 gnoll boudas
  2 iguanas
  7 orc wizards
  A mummy (D:7)
  9 adders
  9 gnolls
  3 shadow imps (D:5)
  2 ufetubi
  4 dart slugs
  23 orcs
  7 endoplasms
  4 giant cockroaches
  8 goblins
  4 hobgoblins
  4 jackals
  2 quokkas
  6 ball pythons
  5 bats
  4 frilled lizards
  15 kobolds
  5 rats
172 creatures vanquished.

Notes
Turn   | Place    | Note
-------+----------+-------------------------------------------
     0 | D:1      | sweetbreads the Gargoyle Earth Elementalist began the quest
                  | for the Orb.
     0 | D:1      | Reached XP level 1. HP: 10/10 MP: 3/3
   248 | D:1      | Reached skill level 1 in Transmutations
   248 | D:1      | Reached skill level 4 in Earth Magic
   248 | D:1      | Reached XP level 2. HP: 15/15 MP: 1/5
   962 | D:1      | You fall into a shaft and drop 1 floor!
  1278 | D:2      | Reached XP level 3. HP: 19/19 MP: 3/6
  1282 | D:2      | Learned a level 3 spell: Stone Arrow
  2017 | D:2      | Found a faded altar of an unknown god.
  2520 | D:3      | Reached skill level 5 in Earth Magic
  2520 | D:3      | Reached XP level 4. HP: 24/24 MP: 5/7
  2548 | D:3      | Found a runed translucent door.
  2549 | D:3      | Noticed Crazy Yiuf
  2555 | D:3      | HP: 1/24 [Crazy Yiuf/+2 quarterstaff of chaos (13)]
  2573 | D:3      | Killed Crazy Yiuf
  2751 | D:3      | Reached skill level 1 in Conjurations
  2843 | D:3      | Found a hazy altar of Hepliaklqana.
  2855 | D:3      | Reached XP level 5. HP: 20/28 MP: 4/8
  3180 | D:4      | Noticed a kobold brigand
  3186 | D:4      | Reached skill level 1 in Evocations
  3201 | D:3      | Reached skill level 6 in Earth Magic
  3212 | D:3      | Killed a kobold brigand
  3213 | D:3      | Reached XP level 6. HP: 29/32 MP: 5/9
  3360 | D:4      | Noticed a black bear
  3367 | D:4      | Killed a black bear
  3413 | D:4      | Reached skill level 7 in Earth Magic
  3431 | D:4      | Noticed a +0 falchion
  3431 | D:4      | Noticed a +0 short sword
  3431 | D:4      | Noticed a +0 spear
  3432 | D:4      | Got the Vellum of Intoxication
  3487 | D:4      | Found an iron altar of Okawaru.
  3507 | D:4      | Noticed a +0 dagger
  3509 | D:4      | Noticed a +0 spear
  3509 | D:4      | Noticed a +0 dagger
  3510 | D:4      | Noticed a +0 short sword
  3511 | D:4      | Noticed a +0 falchion
  3515 | D:4      | Found a hide-covered altar of Uskayaw.
  3791 | D:4      | Found a staircase to the Ecumenical Temple.
  3955 | D:4      | Reached XP level 7. HP: 36/36 MP: 6/10
  4150 | D:5      | Entered Level 5 of the Dungeon
  4156 | D:5      | Found Sooplisi's General Store.
  4265 | D:5      | Noticed Grinder
  4354 | D:5      | Noticed Menkaure
  4549 | D:5      | Reached skill level 8 in Earth Magic
  4658 | D:5      | Reached skill level 1 in Fighting
  4748 | D:5      | Reached XP level 8. HP: 43/43 MP: 6/11
  4802 | D:5      | Found a glowing silver altar of Zin.
  5038 | Temple   | Entered the Ecumenical Temple
  5168 | D:5      | Killed Menkaure
  5169 | D:5      | Reached skill level 9 in Earth Magic
  5371 | D:5      | Killed Grinder
  5633 | D:5      | Reached skill level 10 in Earth Magic
  6001 | D:6      | Found Lynucicy's Jewellery Shoppe.
  6166 | D:6      | Reached XP level 9. HP: 50/51 MP: 5/12
  6368 | D:6      | Found a shimmering blue altar of Sif Muna.
  6376 | D:6      | Found an ancient bone altar of Kikubaaqudgha.
  6385 | D:6      | Found a radiant altar of Vehumet.
  6690 | D:7      | Found a snail-covered altar of Cheibriados.
  6748 | D:7      | Reached skill level 11 in Earth Magic
  6926 | D:7      | Reached skill level 5 in Conjurations
  6987 | D:7      | Reached skill level 12 in Earth Magic
  7008 | D:7      | Found Teowuc's Book Emporium.
  7087 | D:8      | Noticed Maurice
  7110 | D:8      | Killed Maurice
  7111 | D:8      | Reached skill level 13 in Earth Magic
  7111 | D:8      | Noticed a death yak
  7112 | D:8      | Noticed a death yak
  7112 | D:8      | Noticed a death yak
  7120 | D:7      | Reached XP level 10. HP: 27/56 MP: 8/13
  7325 | D:8      | Found a staircase to the Lair.
  7421 | D:8      | Noticed Prince Ribbit
  7428 | D:8      | Killed Prince Ribbit
  7451 | D:8      | Noticed a death yak
  7455 | D:8      | Noticed a death yak
  7475 | D:7      | Mangled by a death yak

Illustrated notes

Levels and vault maps discovered:
D:1:      dpeg_arrival_short_road, layout_basic, minmay_pentomino_x2
D:2:      layout_loops_corners, shapermc_ecumenical_altar_petra,
          minmay_misc_feat_enclosed
D:3:      layout_basic, lemuel_crystal_altar, uniq_crazy_yiuf_cottage
D:4:      layout_cave_pools, okawaru_metal_pillars_1_2,
          nicolae_uskayaw_en_pointe, minmay_temple_entry_from_below_a,
          serial_rivers, chequers_serial_rivers_room_a,
          chequers_serial_rivers_small_b, chequers_serial_rivers_small_b,
          chequers_serial_rivers_large_b, chequers_serial_rivers_small_a,
          serial_park_tiny_2
D:5:      layout_basic, zin_scriptorium, serial_shops, shop,
          minmay_crystal_water, st_stairs_7, uniq_menkaure, uniq_grinder
D:6:      layout_cave_pods, palyth_temple_overflow_mages, serial_shops,
          nicolae_shop_crystal
D:7:      layout_gridville, slow_altar_1, serial_shops, shop,
          minmay_manual_mares
D:8:      layout_gridville, dpeg_lair_monsters, uniq_maurice,
          uniq_prince_ribbit1, uniq_gastronok, uniq_psyche
Temple:   hellmonk_temple_rainy

Skill      XL: |  1  2  3  4  5  6  7  8  9 10 |
---------------+-------------------------------+-----
Transmutations | 1 |  1.0
Earth Magic    | 4 5 6 7 8 10 13 | 13.8
Dodging        | 2 |  2.1
Stealth        | 3 4 |  4.0
Conjurations   | 1 2 3 4 5 6 |  6.1
Evocations     | 1 2 3 4 |  4.0
Fighting       | 1 3 4 |  4.1
Maces & Flails | |  0.6
Spellcasting   | |  2.0

Action                   |  1- 3 |  4- 6 |  7- 9 | 10-12 || total
-------------------------+-------+-------+-------+-------++-------
Melee: Dagger            |     6 |    10 |    45 |       ||    61
Throw: Dart              |       |     5 |       |       ||     5
 Cast: Sandblast         |    62 |    59 |   141 |    24 ||   286
       Stone Arrow       |       |       |       |     3 ||     3
Evoke: Wand              |       |       |     1 |       ||     1
  Use: Scroll            |       |       |       |     1 ||     1
 Stab: Sleeping          |     1 |       |       |       ||     1
Armor: Robe              |     7 |    13 |    72 |     2 ||    94
Dodge: Dodged            |    17 |    27 |    76 |     6 ||   126
